 Seeded DCSS version 0.30-a0-509-gd016549fea (webtiles) character file.

Game seed: 16792993399291170163 (custom seed)

202548 purpskrrrp the Merry Kobold (level 19, -7/133 HPs)
             Began as a Kobold Hunter on Dec 22, 2022.
             Was the Champion of Dithmenos.
             Mangled by a salamander
             ... wielding a +0 halberd
              (20 damage)
             ... on level 1 of the Snake Pit.
             The game lasted 01:20:36 (30747 turns).

purpskrrrp the Merry Kobold (Kobold Hunter)        Turns: 30747, Time: 01:20:36

Health: -7/133     AC:  8    Str: 10    XL:     19   Next: 29%
Magic:  19/19      EV: 34    Int:  5    God:    Dithmenos [******]
Gold:   5405       SH:  5    Dex: 33    Spells: 18/18 levels left

rFire   . . .      SeeInvis +    l - +27 heavy crossbow "Sniper" {vorpal, Acc+∞ SInv}
rCold   . . .      Faith    .    (shield currently unavailable)
rNeg    . . .      Spirit   .    t - +1 leather armour {rPois}
rPois   +          Reflect  +    (helmet restricted)
rElec   +          Harm     .    m - scarf {repulsion}
rCorr   +          Rampage  .    (no gloves)
Will    +....                    (no boots) Stlth #*********
                                 B - amulet of reflection
HPRegen 0.42/turn                T - ring of Cioceuf {rElec AC+4 Int-4 Dex+5 Stlth+}
MPRegen 0.16/turn                g - ring of resist corrosion

@: wreathed by umbra, repel missiles
A: small, no large weapons, nightstalker 3, antennae 1, see invisible, agile 1
}: 1/15 runes: barnacled
a: Renounce Religion, Shadow Step, Shadow Form


You were on level 1 of the Snake Pit.
You worshipped Dithmenos.
Dithmenos was exalted by your worship.
You visited 5 branches of the dungeon, and saw 27 of its levels.
You also visited: Bailey and Ice Cave.

You collected 5915 gold pieces.
You spent 510 gold pieces at shops.

Inventory:

Hand Weapons
 a - a +1 shortbow
 l - the +27 heavy crossbow "Sniper" (weapon) {vorpal, Acc+∞ SInv}
   (You acquired it on level 4 of the Dungeon)

   Any ammunition fired from it inflicts extra damage upon your enemies.
   Any ammunition fired from it never misses its target.
   SInv:      It lets you see invisible.
Missiles
 J - 9 throwing nets
Armour
 m - a scarf of repulsion (worn)
 t - a +1 leather armour of poison resistance (worn)
 F - the +1 helmet of the Kraken {Dex+4}
   (You acquired it on level 5 of the Lair of Beasts)

   Dex:       It affects your dexterity (+4).
 Q - +4 steam dragon scales
Jewellery
 e - a ring of ice
 g - a ring of resist corrosion (right hand)
 o - an amulet of faith
 r - a ring of positive energy
 s - a ring of flight
 A - a +6 ring of strength
 B - an amulet of reflection (around neck)
 L - a +4 ring of slaying
 M - a +4 ring of protection
 R - a ring of protection from cold
 S - a ring of protection from fire
 T - the ring of Cioceuf (left hand) {rElec AC+4 Int-4 Dex+5 Stlth+}
   (You found it on level 3 of the Lair of Beasts)

   [ring of protection]

   AC:        It affects your AC (+4).
   Int:       It affects your intelligence (-4).
   Dex:       It affects your dexterity (+5).
   rElec:     It insulates you from electricity.
   Stlth:     It makes you more stealthy.
 W - a ring of fire
Wands
 v - a wand of iceblast (43)
 w - a wand of mindburst (6)
 y - a wand of flame (40)
 G - a wand of acid (7)
 H - a wand of charming (12)
 I - a wand of polymorph (6)
 O - a wand of digging (1)
Scrolls
 b - 6 scrolls of immolation
 d - 5 scrolls of identify
 h - 10 scrolls of vulnerability
 j - 11 scrolls of teleportation
 n - 5 scrolls of poison
 p - 9 scrolls of amnesia
 q - 6 scrolls of magic mapping
 u - 3 scrolls of fog
 C - a scroll of enchant weapon
Potions
 c - 2 potions of brilliance
 f - a potion of berserk rage
 i - a potion of cancellation {unknown}
 k - 6 potions of might
 x - 2 potions of resistance
 z - 8 potions of curing
 D - a potion of flight
 E - 2 potions of heal wounds
 P - 4 potions of degeneration
 U - 2 potions of lignification
 X - a potion of magic {unknown}


   Skills:
 + Level 19.4 Fighting
 O Level 27 Ranged Weapons
 + Level 15.3 Dodging
 + Level 21.8 Stealth


You had 18 spell levels left.
You didn't know any spells.
Your spell library contained the following spells:

 Spells                   Type           Power      Damage    Failure   Level
 Apportation              Tloc           0%         N/A       58%         1
 Beastly Appendage        Tmut           0%         N/A       58%         1
 Magic Dart               Conj           0%         1d3       58%         1
 Necrotise                Necr           0%         1d4       58%         1
 Shock                    Conj/Air       0%         1d3       58%         1
 Summon Small Mammal      Summ           0%         N/A       58%         1
 Cigotuvi's Dreadful Rot  Necr/Pois/Air  0%         N/A       73%         2
 Ensorcelled Hibernation  Hex/Ice        0%         N/A       73%         2
 Passwall                 Tmut/Erth      0%         N/A       73%         2
 Searing Ray              Conj           0%         2d4       73%         2
 Static Discharge         Conj/Air       0%         2-2/arc   73%         2
 Wereblood                Tmut           0%         N/A       73%         2
 Call Canine Familiar     Summ           0%         N/A       91%         3
 Ignite Poison            Fire/Tmut/Pois 0%         N/A       91%         3
 Kindle Blastsparks       Fire/Tloc/Air  0%         2d10      91%         3
 Ozocubu's Armour         Ice            0%         N/A       91%         3
 Portal Projectile        Hex/Tloc       0%         N/A       91%         3
 Spider Form              Tmut/Pois      0%         N/A       91%         3
 Swiftness                Air            0%         N/A       91%         3
 Vampiric Draining        Necr           0%         2d6       91%         3
 Vhi's Electric Charge    Tloc/Air       0%         N/A       91%         3
 Airstrike                Air            0%         2d(0-16)  100%        4
 Animate Dead             Necr           0%         N/A       100%        4
 Dispel Undead            Necr           0%         3d6       100%        4
 Fulminant Prism          Conj/Hex       0%         3d5       100%        4
 Leda's Liquefaction      Hex/Erth       0%         N/A       100%        4
 Petrify                  Tmut/Erth      0%         N/A       100%        4
 Summon Lightning Spire   Summ/Air       0%         N/A       100%        4
 Agony                    Necr           0%         N/A       100%        5
 Arcjolt                  Conj/Air       0%         1d10      100%        5
 Blade Hands              Tmut           0%         N/A       100%        5
 Borgnjor's Vile Clutch   Necr/Erth      0%         N/A       100%        5
 Freezing Cloud           Conj/Ice/Air   0%         6-21      100%        5
 Irradiate                Conj/Tmut      0%         3d11      100%        5
 Lightning Bolt           Conj/Air       0%         1d11      100%        5
 Metabolic Englaciation   Hex/Ice        0%         N/A       100%        5
 Summon Forest            Summ/Tloc      0%         N/A       100%        5
 Summon Mana Viper        Hex/Summ       0%         N/A       100%        5
 Conjure Ball Lightning   Conj/Air       0%         3x3d6     100%        6
 Death Channel            Necr           0%         N/A       100%        6
 Simulacrum               Ice/Necr       0%         N/A       100%        6
 Statue Form              Tmut/Erth      0%         N/A       100%        6
 Summon Cactus Giant      Summ           0%         N/A       100%        6
 Dragon Form              Tmut           0%         N/A       100%        7
 Storm Form               Tmut/Air       0%         N/A       100%        7
 Discord                  Hex            0%         N/A       100%        8
 Disjunction              Tloc           0%         N/A       100%        8
 Maxwell's Capacitive Co  Air            0%         ∞         100%        8


Dungeon Overview and Level Annotations

Branches:
Dungeon (15/15)            Temple (0/1) D:7            Lair (5/5) D:8
 Shoals (4/4) Lair:2        Snake (1/4) Lair:2        Slime (0/5) Lair:5
    Orc (2/2) D:9             Elf (0/3) Orc:2        Vaults (0/5) D:14
 Depths (0/4) D:15         Bailey (visited)           IceCv (visited)

Altars:
Ashenzari
Cheibriados
Dithmenos
Elyvilon
Fedhas
Gozag
Hepliaklqana
Kikubaaqudgha
Makhleb
Nemelex Xobeh
Okawaru
Ru
Sif Muna
Uskayaw
Yredelemnul
Zin
The Shining One

Shops:
D:5 (?   D:15 :   Orc:2 =(*[


Innate Abilities, Weirdness & Mutations

You are small and have problems with some larger weapons.
You are completely attuned to the shadows.
You have a pair of small antennae on your head.
You have supernaturally acute eyesight. (SInv)
You are agile. (Dex +4, Str/Int -1)


Message History

The salamander shoots an arrow.
You reflect the arrow off an invisible shield around you!
The arrow hits the salamander.
You feel much better.
The salamander shoots an arrow.
The arrow barely misses you.
Fire: l) +27 heavy crossbow "Sniper" {vorpal, Acc+∞ SInv}
Press: ? - help, Q - select action, (/) - cycle Shift-Dir - straight line, f/p - salamander mystic
Aim: a salamander mystic, wielding a +0 quarterstaff and wearing a +0 robe (black smoke, severely wounded, umbra, 100% to hit)
You shoot a bolt. The bolt hits the salamander mystic!
You kill the salamander mystic!
Dithmenos accepts your kill.
Your shadow shoots a bolt.
The salamander closely misses you. The salamander completely misses you.
The salamander shoots an arrow.
The arrow barely misses you. You block the salamander's attack.
The salamander completely misses you.
Fire: l) +27 heavy crossbow "Sniper" {vorpal, Acc+∞ SInv}
Press: ? - help, Q - select action, (/) - cycle Shift-Dir - straight line, f - naga warrior
Aim: a naga warrior, wielding a +0 dire flail and wearing a +0 robe (black smoke, umbra, 100% to hit)
You shoot a bolt. The bolt hits the naga warrior!!!
You kill the naga warrior!
Dithmenos accepts your kill.
The salamander completely misses you. x2
The salamander unwields a +0 shortbow of flaming.
It stops flaming.
The salamander hits you.
You are engulfed in flames!
The salamander shoots an arrow.
The arrow completely misses you. You block the salamander's attack.
Fire: l) +27 heavy crossbow "Sniper" {vorpal, Acc+∞ SInv}
Press: ? - help, Q - select action, (/) - cycle Shift-Dir - straight line, f - naga
Aim: a naga, wielding a +0 hand axe (black smoke, strong, umbra, 100% to hit)
You shoot a bolt. The bolt hits the naga!!!
You kill the naga!
Dithmenos accepts your kill. The salamander completely misses you.
You block the salamander's attack.
The salamander hits you from afar with a +0 trident of venom!
* * * LOW HITPOINT WARNING * * *
You emit a cloud of dark smoke.
You are engulfed in flames!
* * * LOW HITPOINT WARNING * * *
The salamander closely misses you.
The salamander hits you from afar with a +0 halberd!!
You die...

## ## ####...##.#
#.#
##8###⌠##...##.#
#..
##...........##..
#8...........8#
##...........##
#..†##⌠###8## .#
##.).######## #.#
#8)).8#...§§##§.##
##...##...§§@§§§.
.....##...§§NNN#
.....##...§§NNN#
....>.'.....§§§#
####.##....≈N§SNN
#.##..≈§≈≈≈≈#N≈
..##..≈≈≈≈###).
...##.§§≈#


You could see 6 salamanders.

Vanquished Creatures
  Nikola (Shoals:2)
  Jorgrun (D:12)
  Rupert (D:15)
  A titan (Shoals:4)
  Polyphemus (Shoals:3)
  Kirke (Lair:5)
  Roxanne (Shoals:2)
  Donald (Shoals:4)
  Ilsuiw (Shoals:2)
  A fire giant (Orc:1)
  An orc warlord (Orc:2)
  A very ugly thing (D:15)
  Nessos (D:13)
  Azrael (D:12)
  3 dire elephants (Lair:5)
  The ghost of Cancer the Earth Mage, a journeyman GrEE of Vehumet (Lair:4)
  2 blizzard demons (IceCv)
  Snorg (D:12)
  9 merfolk javelineers
  6 merfolk impalers
  2 ettins (Orc:1)
  Harold (D:9)
  A great orb of eyes (D:15)
  A rakshasa (D:15)
  5 hydras
  An ice dragon (Shoals:1)
  Erica (D:9)
  2 alligator snapping turtles
  A catoblepas (Shoals:3)
  An anaconda (Snake:1)
  9 two-headed ogres
  An ogre mage (D:14)
  9 merfolk aquamancers
  3 centaur warriors
  17 death yaks
  5 merfolk avatars
  2 naga warriors (Snake:1)
  3 satyrs
  4 boulder beetles
  A naga sharpshooter (Snake:1)
  2 tengu warriors
  3 orc high priests (Orc:2)
  A shock serpent (Snake:1)
  The ghost of Darkkill the Skirmisher, a novice MiHu of Gozag (D:7)
  2 spectral death yaks (Lair:5)
  A salamander mystic (Snake:1)
  18 sea snakes
  4 skeletal warriors (D:14)
  A spectral anaconda (Lair:5)
  A fire crab (Lair:4)
  A bog body (IceCv)
  2 obsidian statues
  2 naga ritualists (Snake:1)
  A glowing orange brain (D:14)
  8 spriggan simulacra (IceCv)
  4 necromancers (Lair:5)
  A mana viper (shapeshifter) (D:15)
  9 orc knights
  2 deep elf pyromancers
  15 fauns
  17 harpies
  3 orc sorcerers
  A mana viper (Snake:1)
  7 ugly things
  17 cyclopes
  6 salamanders (Snake:1)
  15 merfolk sirens
  5 manticores
  A guardian serpent (Snake:1)
  6 elephants (Lair:5)
  An eye of devastation (Lair:5)
  12 black mambas
  A naga mage (Snake:1)
  13 water nymphs
  3 kobold demonologists (D:14)
  Maggie (D:9)
  6 cane toads
  2 unseen horrors
  10 ice devils (IceCv)
  13 rime drakes
  7 freezing wraiths
  An anaconda simulacrum (IceCv)
  An efreet (D:13)
  15 komodo dragons
  3 tengu conjurers
  6 trolls
  A golden dragon simulacrum (IceCv)
  12 merfolk
  5 wind drakes
  4 blink frogs (Lair:2)
  5 hornets (D:11)
  Prince Ribbit (D:9)
  4 dream sheep
  3 slime creatures (D:15)
  3 spectral elephants (Lair:5)
  5 snapping turtles
  3 dire elephant simulacra (IceCv)
  A shadow (D:12)
  16 water elementals
  7 air elementals (Shoals:4)
  6 wyverns
  4 wraiths
  2 hogs (Lair:5)
  3 fire elementals
  26 yaks
  7 steam dragons
  8 basilisks
  4 vampire mosquitoes
  9 wargs
  7 minotaur simulacra (IceCv)
  4 acid dragons
  11 nagas (Snake:1)
  16 water moccasins
  2 floating eyes
  3 hell hounds
  31 orc warriors
  2 sky beasts
  2 ice beasts (D:8)
  A black bear (D:5)
  2 ettin simulacra (IceCv)
  22 wolves
  7 ogres
  2 elephant skeletons (Lair:5)
  13 centaurs
  An elephant zombie (Lair:5)
  2 phantoms
  8 kobold brigands
  The ghost of gabagool the Conjurer, an amateur DECj (D:4)
  13 bullfrogs
  10 deep troll simulacra (IceCv)
  7 wights
  9 killer bees (D:9)
  3 lindwurm simulacra (IceCv)
  2 electric eels (Lair:5)
  8 howler monkeys
  2 hounds (D:6)
  3 jellies
  18 orc priests
  A gnoll bouda (D:6)
  Jessica (D:3)
  3 iguanas
  14 orc wizards
  Robin (D:4)
  12 gnolls
  9 adders
  An ufetubus (D:4)
  2 worms (D:2)
  53 orcs
  8 ball pythons
  4 bats
  6 endoplasms
  2 giant cockroaches (D:2)
  14 goblins
  11 hobgoblins
  5 jackals
  5 quokkas
  2 frilled lizards
  30 kobolds
  2 rats (D:1)
  A fire vortex (Orc:1)
  A plant (Shoals:1)
  A withered plant (Lair:5)
898 creatures vanquished.

Vanquished Creatures (others)
  2 humans (Lair:5)
  A steam dragon (Lair:3)
  35 fungi
  75 plants
  19 withered plants (Lair:5)
132 creatures vanquished.

Grand Total: 1030 creatures vanquished

Notes
Turn   | Place    | Note
-------+----------+-------------------------------------------
     0 | D:1      | purpskrrrp the Kobold Hunter began the quest for the Orb.
     0 | D:1      | Reached XP level 1. HP: 12/12 MP: 1/1
    80 | D:1      | Reached XP level 2. HP: 11/17 MP: 2/2
   743 | D:1      | Reached XP level 3. HP: 21/21 MP: 3/3
  1141 | D:2      | You fall into a shaft and drop 2 floors!
  1142 | D:4      | Identified a scroll of acquirement
  1142 | D:4      | Acquired the +27 heavy crossbow "Sniper" {vorpal, Acc+∞
                  | SInv}
  1142 | D:4      | Found the +27 heavy crossbow "Sniper" {vorpal, Acc+∞ SInv}
  1164 | D:4      | Reached skill level 6 in Ranged Weapons
  1354 | D:3      | Noticed Jessica
  1355 | D:3      | Killed Jessica
  1356 | D:3      | Reached XP level 4. HP: 26/26 MP: 4/4
  1649 | D:2      | Reached XP level 5. HP: 30/30 MP: 5/5
  1897 | D:2      | Found a faded altar of an unknown god.
  2494 | D:3      | Acquired a manual of Fighting
  2777 | D:3      | Found an iron altar of Okawaru.
  2791 | D:3      | Found an ancient bone altar of Kikubaaqudgha.
  2801 | D:3      | Found a shadowy altar of Dithmenos.
  2806 | D:3      | Became a worshipper of Dithmenos the Shadowed
  2826 | D:3      | Found a hide-covered altar of Uskayaw.
  2831 | D:3      | Found a sparkling altar of Nemelex Xobeh.
  3100 | D:4      | Reached skill level 7 in Ranged Weapons
  3194 | D:4      | Reached skill level 5 in Stealth
  3194 | D:4      | Reached XP level 6. HP: 37/37 MP: 6/6
  3264 | D:4      | Found a runed translucent door.
  3265 | D:4      | Noticed gabagool's ghost (amateur DECj)
  3430 | D:4      | Noticed Robin
  3432 | D:4      | Killed Robin
  3434 | D:4      | Reached * piety under Dithmenos
  3597 | D:4      | Found a basalt altar of Yredelemnul.
  3660 | D:4      | Noticed an ogre
  3661 | D:4      | Killed an ogre
  3662 | D:4      | Reached skill level 8 in Ranged Weapons
  3913 | D:4      | Killed gabagool's ghost
  3914 | D:4      | Reached XP level 7. HP: 44/44 MP: 7/7
  3935 | D:5      | Entered Level 5 of the Dungeon
  3935 | D:5      | Found Utyak's Magic Scroll Emporium.
  4137 | D:5      | Reached skill level 5 in Fighting
  4174 | D:5      | Reached skill level 9 in Ranged Weapons
  4202 | D:5      | Reached XP level 8. HP: 51/51 MP: 8/8
  4488 | D:5      | Reached ** piety under Dithmenos
  4605 | D:5      | Found Toxkas's Antique Weapon Shop.
  4901 | D:6      | Reached skill level 10 in Ranged Weapons
  5597 | D:7      | Noticed a wyvern
  5598 | D:7      | Killed a wyvern
  5601 | D:7      | Reached skill level 11 in Ranged Weapons
  5601 | D:7      | Reached XP level 9. HP: 55/57 MP: 9/9
  5686 | D:7      | Found a staircase to the Ecumenical Temple.
  5737 | D:7      | Found a transporter.
  5737 | D:7      | Noticed Darkkill's ghost (novice MiHu)
  5773 | D:7      | Reached skill level 12 in Ranged Weapons
  5826 | D:7      | Found a transporter.
  5842 | D:7      | Noticed a two-headed ogre
  6296 | D:8      | Reached *** piety under Dithmenos
  6298 | D:8      | Found a flagged portal.
  6316 | Bailey   | Entered a bailey
  6417 | Bailey   | Noticed an orc knight
  6420 | Bailey   | Killed an orc knight
  6421 | Bailey   | Reached skill level 13 in Ranged Weapons
  6421 | Bailey   | Reached XP level 10. HP: 57/68 MP: 7/10
  6493 | Bailey   | Reached skill level 10 in Stealth
  6494 | Bailey   | Reached skill level 10 in Fighting
  6533 | Bailey   | Found a burning altar of Makhleb.
  6773 | D:8      | Found a sacrificial altar of Ru.
  6995 | D:8      | Reached skill level 14 in Ranged Weapons
  7101 | D:8      | Found a staircase to the Lair.
  7637 | D:9      | Noticed Maggie
  7638 | D:9      | Noticed Prince Ribbit
  7640 | D:9      | Killed Maggie
  7641 | D:9      | Killed Prince Ribbit
  7717 | D:9      | Found a staircase to the Orcish Mines.
  7849 | D:9      | Noticed Erica
  7852 | D:9      | Killed Erica
  7853 | D:9      | Reached skill level 15 in Ranged Weapons
  7853 | D:9      | Reached XP level 11. HP: 76/76 MP: 11/11
  7869 | D:9      | Found a faded altar of an unknown god.
  7874 | D:9      | Found a shimmering blue altar of Sif Muna.
  7876 | D:9      | Found a snail-covered altar of Cheibriados.
  7877 | D:9      | Found a faded altar of an unknown god.
  7882 | D:9      | Found a broken altar of Ashenzari.
  8028 | D:9      | Acquired a scarf of repulsion
  8040 | D:9      | Found an opulent altar of Gozag.
  8173 | D:9      | Noticed a two-headed ogre
  8178 | D:9      | Killed a two-headed ogre
  8178 | D:9      | Reached **** piety under Dithmenos
  8514 | D:9      | Reached skill level 16 in Ranged Weapons
  8823 | D:9      | Noticed Harold
  8825 | D:9      | Killed Harold
  9031 | D:9      | Found a hazy altar of Hepliaklqana.
  9209 | D:10     | Entered Level 10 of the Dungeon
  9210 | D:10     | Found a glowing golden altar of the Shining One.
  9210 | D:10     | Found a white marble altar of Elyvilon.
  9446 | D:10     | Found a glowing silver altar of Zin.
  9539 | D:10     | Noticed a two-headed ogre
  9541 | D:10     | Killed a two-headed ogre
  9542 | D:10     | Reached skill level 17 in Ranged Weapons
  9748 | D:10     | Found a blossoming altar of Fedhas.
  9832 | D:10     | Found a burning altar of Makhleb.
  9885 | D:10     | Reached XP level 12. HP: 84/84 MP: 12/12
 10993 | D:11     | Reached skill level 18 in Ranged Weapons
 11077 | D:12     | Noticed Jorgrun
 11341 | D:12     | Killed Jorgrun
 11444 | D:12     | Noticed a boulder beetle
 11450 | D:12     | Killed a boulder beetle
 11718 | D:12     | Noticed Azrael
 11721 | D:12     | Noticed Snorg
 11782 | D:12     | Reached ***** piety under Dithmenos
 12442 | Lair:1   | Entered Level 1 of the Lair of Beasts
 12592 | Lair:1   | Reached XP level 13. HP: 91/91 MP: 13/13
 12677 | Lair:1   | Reached skill level 19 in Ranged Weapons
 12780 | Lair:1   | Reached skill level 5 in Dodging
 13355 | Lair:2   | Found a staircase to the Shoals.
 13395 | Lair:2   | Reached skill level 15 in Stealth
 13578 | Lair:2   | Found a staircase to the Snake Pit.
 13693 | Lair:2   | Reached skill level 15 in Fighting
 14466 | Lair:3   | Reached skill level 20 in Ranged Weapons
 15127 | Lair:3   | Identified the ring of Cioceuf {rElec AC+4 Int-4 Dex+5
                  | Stlth+}
 15431 | Lair:4   | Reached XP level 14. HP: 98/98 MP: 14/14
 15674 | Lair:4   | Found a transporter.
 15790 | Lair:4   | Found a transporter.
 15999 | Lair:4   | Acquired 516 gold pieces
 16014 | Lair:5   | Entered Level 5 of the Lair of Beasts
 16014 | Lair:5   | Noticed Kirke
 16068 | Lair:5   | Found a glowing golden altar of the Shining One.
 16201 | Lair:5   | Got Sif Muna's Secrets of Injurious Evolution
 16287 | Lair:5   | Reached skill level 21 in Ranged Weapons
 16500 | Lair:5   | Killed Kirke
 16534 | Lair:5   | Acquired the +1 helmet of the Kraken {Dex+4}
 16627 | Lair:5   | Noticed a dire elephant
 16810 | Lair:5   | Noticed a dire elephant
 16810 | Lair:5   | Noticed a dire elephant
 16811 | Lair:5   | Identified the +5 spear "Keicvy" {vorpal, rElec Will+}
 17164 | Lair:5   | Killed a dire elephant
 17168 | Lair:5   | Killed a dire elephant
 17169 | Lair:5   | Reached XP level 15. HP: 57/104 MP: 8/15
 17530 | Lair:5   | Reached skill level 22 in Ranged Weapons
 17844 | Lair:5   | Found a staircase to the Slime Pits.
 18024 | Lair:5   | Gained mutation: Your body sometimes deteriorates upon
                  | taking damage. [potion of mutation]
 18024 | Lair:5   | Gained mutation: You are frail. (-10% HP) [potion of
                  | mutation]
 18024 | Lair:5   | Gained mutation: Armour fits poorly on your strangely
                  | shaped body. [potion of mutation]
 18024 | Lair:5   | Gained mutation: You expend magic power (3 MP) to
                  | strengthen your wands. [potion of mutation]
 18030 | Lair:5   | Lost mutation: Armour fits poorly on your strangely shaped
                  | body. [potion of mutation]
 18030 | Lair:5   | Lost mutation: You expend magic power (3 MP) to strengthen
                  | your wands. [potion of mutation]
 18030 | Lair:5   | Gained mutation: You are vulnerable to heat. (rF-) [potion
                  | of mutation]
 18031 | Lair:5   | Lost mutation: Your body sometimes deteriorates upon taking
                  | damage. [potion of mutation]
 18031 | Lair:5   | Lost mutation: You are frail. (-10% HP) [potion of
                  | mutation]
 18031 | Lair:5   | Gained mutation: Your mind is acute. (Int +4, Str/Dex -1)
                  | [potion of mutation]
 18031 | Lair:5   | Lost mutation: Your mind is acute. (Int +4, Str/Dex -1)
                  | [potion of mutation]
 18031 | Lair:5   | Gained mutation: You have an increased reservoir of magic.
                  | (+10% MP) [potion of mutation]
 18063 | Lair:4   | Noticed Cancer's ghost (journeyman GrEE)
 18163 | D:7      | Killed Darkkill's ghost
 18163 | D:7      | Reached ****** piety under Dithmenos
 18266 | D:12     | Killed Snorg
 18343 | D:12     | Killed Azrael
 18875 | D:13     | Noticed Nessos
 18878 | D:13     | Killed Nessos
 19105 | D:13     | Reached skill level 10 in Dodging
 19650 | D:14     | Found a gate to the Vaults.
 19689 | D:14     | Found an opulent altar of Gozag.
 19975 | D:14     | Reached skill level 23 in Ranged Weapons
 20301 | D:15     | Entered Level 15 of the Dungeon
 20396 | D:15     | Noticed Rupert
 20400 | D:15     | Killed Rupert
 20518 | D:15     | Found Qyblaam's Book Boutique.
 20651 | D:15     | Reached XP level 16. HP: 112/112 MP: 17/17
 21247 | D:15     | Found a staircase to the Depths.
 21592 | Orc:1    | Entered Level 1 of the Orcish Mines
 21640 | Orc:1    | Acquired 461 gold pieces
 21799 | Orc:1    | Identified the +5 falchion "Tamicw" {drain, Dex+7}
 21800 | Orc:1    | Identified the +1 trident of Disarray {elec, *Noise rPois
                  | Will+++ Int+3}
 21813 | Orc:1    | Noticed a fire giant
 21816 | Orc:1    | Killed a fire giant
 21817 | Orc:1    | Reached skill level 24 in Ranged Weapons
 22500 | Orc:2    | Entered Level 2 of the Orcish Mines
 22787 | Orc:2    | Found Zigreq's Antique Weapon Shop.
 22869 | Orc:2    | Found Ihuung's General Store.
 22959 | Orc:2    | Found Ipah's Antique Armour Shop.
 22964 | Orc:2    | Bought a glowing chain mail for 225 gold pieces
 22964 | Orc:2    | Bought a polished chain mail for 285 gold pieces
 22964 | Orc:2    | Identified the +0 chain mail of Untruth {rC+ Dex+3} (You
                  | bought it in a shop on level 2 of the Orcish Mines)
 23056 | Orc:2    | Found a staircase to the Elven Halls.
 23152 | Orc:2    | Found Abricz Cunn's Jewellery Shop.
 23911 | Lair:4   | Killed Cancer's ghost
 24105 | Shoals:1 | Entered Level 1 of the Shoals
 24175 | Shoals:1 | Found a frozen archway.
 24187 | IceCv    | Entered an ice cave
 24189 | IceCv    | Reached XP level 17. HP: 108/119 MP: 18/18
 24917 | IceCv    | Reached skill level 25 in Ranged Weapons
 26204 | Shoals:2 | Noticed Ilsuiw
 26212 | Shoals:2 | Killed Ilsuiw
 26753 | Shoals:2 | Noticed Nikola
 26758 | Shoals:2 | Killed Nikola
 27026 | Shoals:2 | Noticed Roxanne
 27031 | Shoals:2 | Killed Roxanne
 27043 | Shoals:2 | Lost mutation: You are vulnerable to heat. (rF-) [potion of
                  | mutation]
 27043 | Shoals:2 | Lost mutation: You have an increased reservoir of magic.
                  | (+10% MP) [potion of mutation]
 27043 | Shoals:2 | Gained mutation: You have supernaturally acute eyesight.
                  | (SInv) [potion of mutation]
 27043 | Shoals:2 | Gained mutation: You are agile. (Dex +4, Str/Int -1)
                  | [potion of mutation]
 27043 | Shoals:2 | Gained mutation: You have a pair of small antennae on your
                  | head. [potion of mutation]
 27325 | Shoals:3 | Reached XP level 18. HP: 126/126 MP: 18/18
 27441 | Shoals:3 | Noticed Polyphemus
 27448 | Shoals:3 | Killed Polyphemus
 27454 | Shoals:3 | Reached skill level 26 in Ranged Weapons
 28302 | Shoals:4 | Entered Level 4 of the Shoals
 28341 | Shoals:4 | Paralysed by an air elemental for 1 turns
 28345 | Shoals:4 | Noticed Donald
 28347 | Shoals:4 | Killed Donald
 28437 | Shoals:4 | Noticed a titan
 28441 | Shoals:4 | Killed a titan
 28700 | Shoals:4 | Got a barnacled rune of Zot
 29474 | Shoals:4 | Reached skill level 27 in Ranged Weapons
 29497 | Shoals:4 | Reached XP level 19. HP: 132/132 MP: 19/19
 29926 | Snake:1  | Entered Level 1 of the Snake Pit
 30136 | Snake:1  | Reached skill level 15 in Dodging
 30747 | Snake:1  | Mangled by a salamander

Illustrated notes

Levels and vault maps discovered:
D:1:      lemuel_arrival_tunnels, layout_basic
D:2:      layout_basic, nicolae_ecumenical_lake_church, serial_forest,
          infiniplex_forest_clump_small, infiniplex_forest_clump_small,
          infiniplex_forest_straight_3, infiniplex_forest_straight_1,
          infiniplex_forest_lined_2
D:3:      layout_loops_corners, minmay_overflow_temple_star_hex, uniq_jessica
D:4:      layout_basic, yredelemnul_altar_generic, gammafunk_ghost_grave,
          uniq_robin
D:5:      layout_gridville, serial_shops, kennysheep_mini, abandoned_shop,
          nicolae_stop_n_shop_1
D:6:      layout_basic
D:7:      layout_cave_pools, minmay_temple_entry_offerings,
          gammafunk_ghost_arena
D:8:      layout_basic, mainiacjoe_overflow_24_doors, david_lair_generic,
          lightli_bailey_entry_fortress
D:9:      layout_stronghold, chequers_temple_overflow_minitemple,
          mainiacjoe_overflow_divided_tiny, minmay_orc_entry_temple_small,
          grunt_decor_junction, eino_jars, uniq_prince_ribbit1, uniq_harold,
          uniq_maggie, uniq_erica
D:10:     layout_loops_ring, dreamdust_divine_triumvirate, fedhas_altar_2,
          serial_glass, glass_columns_c, glass_columns_a, glass_columns_c,
          glass_columns_a, glass_columns_c, glass_columns_b, glass_columns_c,
          glass_columns_a, nrook_loot_triangle, david_defended_altar_orc
D:11:     hellmonk_paralyzer, layout_long_grid
D:12:     layout_loops_ring, uniq_azrael, uniq_snorg, uniq_jorgrun
D:13:     layout_cross, uniq_nessos
D:14:     layout_gridville, david_vaults_2, serial_bayou_ford_a,
          grunt_gozag_breadcrumbs
D:15:     gammafunk_enter_depths_forms, layout_basic, serial_park_tiny_pond,
          serial_shops, nicolae_diamond_shop, uniq_rupert
Lair:1:   layout_misc_corridors, chequers_serial_rivers_large_b,
          grunt_megastairs_2
Lair:2:   layout_chaotic_city, elwin_shoals_entry_rocks, dummy_snake_entry
Lair:3:   layout_concentric_octagons, bobbens_dragon_lair_wall,
          lemuel_fruit_tree
Lair:4:   layout_cave_shapes, nzn_ghost_randoct
Lair:5:   due_jungle_book, layout_regular_city, minmay_slime_entry_eyes,
          basic_altar, disabler_island, uniq_kirke
Shoals:1: layout_shoals, portal_ice_cave_entry_dragon
Shoals:2: cheibrodos_shoals_three_sisters, layout_shoals, uniq_ilsuiw,
          uniq_nikola, uniq_roxanne
Shoals:3: layout_shoals, uniq_polyphemus
Shoals:4: shoals_end_hellmonk_storm_palace [storm_palace_center_square,
          storm_palace_corner_narrow, storm_palace_corner_blocked,
          storm_palace_corner_pillars, storm_palace_corner_reverse_hut],
          uniq_donald
Snake:1:  layout_basic, serial_corexii_hall, corexii_hall_statues_u,
          corexii_hall_statues_s, corexii_hall_statues_x,
          corexii_hall_statues_u, chequers_hall_statues_y,
          corexii_hall_statues_x, st_stairs_8, nicolae_snake_salamander_zone
Orc:1:    giant_chief_lemuel, layout_diamond_mine
Orc:2:    grunt_orc_gardens, layout_caves, grunt_orc_garden, grunt_orc_garden,
          grunt_orc_garden, grunt_orc_garden, basic_altar

Skill      XL: |  1  2  3  4  5  6  7  8  9 10 11 12 13 14 15 16 17 18 19 |
---------------+----------------------------------------------------------+-----
Stealth        | 2 3 4 5 6 8 9 11 13 14 15 17 18 19 20 21 | 21.8
Ranged Weapons | 6 7 8 9 11 13 15 17 18 20 21 23 24 25 27 | 27.0
Fighting       | 3 4 5 7 9 11 13 14 15 16 17 18 19 | 19.4
Dodging        | 4 7 9 10 12 13 14 15 | 15.3

Action                   |  1- 3 |  4- 6 |  7- 9 | 10-12 | 13-15 | 16-18 | 19-21 || total
-------------------------+-------+-------+-------+-------+-------+-------+-------++-------
 Fire: Shortbow          |    46 |       |       |       |       |       |       ||    46
       Heavy crossbow    |     3 |    57 |    92 |   189 |   349 |   552 |    66 ||  1308
Evoke: Wand              |       |       |       |       |     2 |     4 |       ||     6
  Use: Scroll            |     1 |    11 |     4 |    11 |    16 |     4 |       ||    47
       Potion            |       |     1 |       |     3 |     5 |     4 |     1 ||    14
Armor: Leather armour    |     3 |     1 |     1 |       |       |       |       ||     5
       Robe              |       |       |     6 |     9 |       |       |       ||    15
       Steam dragon scal |       |       |       |       |    42 |    35 |     2 ||    79
Dodge: Dodged            |     4 |     4 |    23 |    75 |   206 |   299 |    97 ||   708
       Repelled          |       |       |       |       |       |     4 |     2 ||     6
Block: Other             |       |       |       |       |       |    57 |    18 ||    75
       Reflection        |       |       |       |       |       |     5 |     2 ||     7

Table legend: (Time is in decaauts)
 A = Elapsed time spent in this place.
 B = Non-inter-level travel time spent in this place.
 C = Inter-level travel time spent in this place.
 D = Time resting spent in this place.
 E = Time spent auto-exploring this place.
 F = Levels seen in this place.
 G = Mean time per level.
                   A        B        C        D        E       F      G
               +--------+--------+--------+--------+--------+-----+--------+
         Total |  32139 |  30081 |   2058 |   4929 |  20431 |  29 | 1108.2 |
       Dungeon |  16107 |  15172 |    935 |   2176 |  10704 |  15 | 1073.8 |
          Lair |   6339 |   5715 |    624 |    819 |   3995 |   5 | 1267.8 |
        Shoals |   5420 |   5016 |    404 |    904 |   3373 |   4 | 1355.0 |
     Snake Pit |    532 |    503 |     29 |    185 |    219 |   1 |  532.0 |
  Orcish Mines |   2273 |   2208 |     65 |    432 |   1408 |   2 | 1136.5 |
        Bailey |    305 |    305 |      0 |     73 |    156 |   1 |  305.0 |
      Ice Cave |   1160 |   1160 |      0 |    339 |    574 |   1 | 1160.0 |
               +--------+--------+--------+--------+--------+-----+--------+

Top non-repeatable levels by time:
  Lair:5: 1999 daAuts
     D:9: 1733 daAuts
Shoals:4: 1698 daAuts
    D:12: 1525 daAuts
Shoals:2: 1391 daAuts
    D:11: 1369 daAuts
   Orc:2: 1300 daAuts
     D:8: 1215 daAuts
    D:15: 1206 daAuts
Shoals:1: 1176 daAuts
     D:3: 1162 daAuts
   IceCv: 1160 daAuts
Shoals:3: 1154 daAuts
  Lair:3: 1129 daAuts
     D:1: 1106 daAuts
